 Dungeon Crawl Stone Soup version 0.21-a0-476-gd103f4b (webtiles) character file.

86 Laiders the Shield-Bearer (level 4, 0/35 HPs)
             Began as a Formicid Fighter on Nov 22, 2017.
             Succumbed to a scorpion's poison
             ... on level 4 of the Dungeon.
             The game lasted 00:02:18 (639 turns).

Laiders the Shield-Bearer (Formicid Fighter)         Turns: 639, Time: 00:02:18

Health: 0/35       AC:  8    Str: 19 (21) XL:     4   Next: 77%
Magic:  4/4        EV: 13    Int:  6 (8)  God:
Gold:   21         SH: 10    Dex: 13 (15) Spells: 3/3 levels left

rFire    . . .     SeeInvis +   a - +0 flail
rCold    . . .     Gourm    .   c - +0 shield
rNeg     . . .     Faith    .   b - +0 scale mail
rPois    .         Spirit   .   (helmet unavailable)
rElec    .         Reflect  .   (no cloak)
rCorr    .         Harm     .   k - +0 pair of gloves
MR       .....                  (no boots)
Stlth    +.........             (no amulet)
HPRegen  0.11/turn              (no ring)
MPRegen  0.09/turn              (no ring)

@: agile, lethally poisoned (0 -> -1)
A: permanent stasis, dig shafts and tunnels, four strong arms, antennae 3
a: Dig, Shaft Self


You were on level 4 of the Dungeon.
You were not hungry.

You visited 1 branch of the dungeon, and saw 4 of its levels.

You collected 21 gold pieces.

Inventory:

Hand Weapons
 a - a +0 flail (weapon)
Armour
 b - a +0 scale mail (worn)
 c - a +0 shield (worn)
 k - a +0 pair of gloves (worn)
Wands
 l - a wand of scattershot (7)
Scrolls
 e - 3 scrolls of magic mapping {unknown}
 h - 3 scrolls of identify {unknown}
Comestibles
 f - a bread ration
 i - a meat ration
 j - 2 chunks of flesh


   Skills:
 - Level 3.2 Fighting
 + Level 3.5 Maces & Flails
 - Level 3.2 Armour
 + Level 5.1 Shields


You had 3 spell levels left.
You didn't know any spells.

Dungeon Overview and Level Annotations

Branches:
Dungeon (4/15)
 Temple: D:4-7

Altars:
Wu Jian


Innate Abilities, Weirdness & Mutations

You cannot be hasted, slowed, berserked, paralysed or teleported.
You can dig through walls and to a lower floor.
Your four strong arms can wield two-handed weapons with a shield.
You have a pair of large antennae on your head. (SInv)


Message History

* * * LOW HITPOINT WARNING * * *
You feel sick.
* * * LOW HITPOINT WARNING * * *
You feel sick.
* * * LOW HITPOINT WARNING * * *
You feel sick.
You see here 17 arrows.
Found a blue potion.
* * * LOW HITPOINT WARNING * * *
You feel sick.
* * * LOW HITPOINT WARNING * * *
You feel sick.
You see here a blue potion.
It was a potion of degeneration.
There was something very wrong with that liquid.
You feel weakened.
You feel dopey.
You feel clumsy.
* * * LOW HITPOINT WARNING * * *
You feel sick.
You feel a little less mighty now.
You die...

###########
#...@.....#
#.#######.#
#.# ### #.#
#.. #.# #.#
# #.# #.#
.# #.
#.###.###.#
#.##+#.#
#..(......#
#.#....#
###.......#
#......##


There were no monsters in sight!

Vanquished Creatures
  A scorpion (D:4)
  2 adders (D:2)
  A worm (D:2)
  2 bats
  2 giant cockroaches
  2 goblins (D:1)
  A hobgoblin (D:1)
  A kobold (D:2)
  A quokka (D:2)
13 creatures vanquished.

Notes
Turn   | Place    | Note
-------+----------+-------------------------------------------
     0 | D:1      | Laiders the Formicid Fighter began the quest for the Orb.
     0 | D:1      | Reached XP level 1. HP: 18/18 MP: 1/1
   204 | D:2      | Reached skill level 4 in Shields
   204 | D:2      | Reached XP level 2. HP: 15/24 MP: 2/2
   433 | D:2      | Reached XP level 3. HP: 29/29 MP: 3/3
   467 | D:2      | Found an ornate altar of the Wu Jian Council.
   585 | D:4      | Noticed a scorpion
   607 | D:4      | Killed a scorpion
   607 | D:4      | Reached skill level 5 in Shields
   607 | D:4      | Reached XP level 4. HP: 18/35 MP: 4/4
   635 | D:4      | HP: 1/35 [poisoned by a scorpion]
   639 | D:4      | Succumbed to a scorpion's poison

Vault maps used:
D:1:      lightli_arrival_maybe_door_vault
D:2:      nicolae_overflow_hidden_temple, first_bread
D:3:      overflow_temple_1_default, uniq_sigmund
D:4:      gammafunk_cloud_chamber, dancing_weapons_uskayaw,
          lemuel_crystal_altar, serial_shops, shop_statue

Skill      XL: |  1  2  3 |
---------------+----------+-----
Shields        | 4 5 |  5.1
Maces & Flails | 3 |  3.5
Fighting       | |  3.2
Armour         | |  3.2

Action                   |  1- 3 |  4- 6 || total
-------------------------+-------+-------++-------
Melee: Flail             |    39 |     1 ||    40
  Use: Potion            |     3 |     2 ||     5
Armor: Scale mail        |    14 |       ||    14
Dodge: Dodged            |    15 |       ||    15
Block: Shield            |    14 |       ||    14

Table legend:
 A = Spawn XP
 B = Non-spawn XP
 C = Spawn XP percentage of total XP
 D = Spawn monster count
 E = Non-spawn monster count
 F = Spawn count percentage of total count
 G = Total turns spent on level
                    A         B        C        D         E        F      G
               +---------+---------+-------+---------+---------+-------+---------
         Total |       0 |     123 |   0.0 |       0 |      13 |   0.0 |   639
               +---------+---------+-------+---------+---------+-------+---------
           D:1 |       0 |       6 |   0.0 |       0 |       3 |   0.0 |    99
           D:2 |       0 |      38 |   0.0 |       0 |       6 |   0.0 |   427
           D:3 |       0 |       3 |   0.0 |       0 |       2 |   0.0 |    30
           D:4 |       0 |      76 |   0.0 |       0 |       2 |   0.0 |    83
               +---------+---------+-------+---------+---------+-------+---------
